 Dungeon Crawl Stone Soup version 0.31-a0-848-gaac375c287 (webtiles) character file.

Game seed: 15024519539984806281

360 retardedninja the Firebug (level 6, -5/32 HPs)
             Began as a Gargoyle Fire Elementalist on Oct 4, 2023.
             Killed from afar by a white imp (14 damage)
             ... with a puff of frost
             ... summoned by Eustachio
             ... on level 4 of the Dungeon.
             The game lasted 00:04:37 (4474 turns).

retardedninja the Firebug (GrFE)                    Turns: 4474, Time: 00:04:39

Health: -5/32      AC:  6    Str: 11    XL:     6   Next: 65%
Magic:  9/10       EV: 12    Int: 18    God:
Gold:   171        SH:  0    Dex: 10    Spells: 8/11 levels left

rFire   . . .        g - +0 short sword
rCold   . . .        (no shield)
rNeg    + . .        a - +0 robe
rPois   ∞            (no helmet)
rElec   +            (no cloak)
rCorr   .            (no gloves)
SInv    .            (no boots)
Will    .....        (no amulet)
Stlth   ++           (no ring)
HPRegen 0.25/turn    (no ring)
MPRegen 0.12/turn

%: no passive effects
@: no status effects
A: sickness immunity, AC +4, negative energy resistance 1, electricity
resistance, torment resistance 1, petrification resistance
a: no special abilities


You were on level 4 of the Dungeon.
You visited 1 branch of the dungeon, and saw 5 of its levels.

You collected 171 gold pieces.

Inventory:

Hand Weapons
 g - a +0 short sword (weapon)
Armour
 a - a +0 robe (worn)
Jewellery
 m - a ring of wizardry
Scrolls
 c - 4 scrolls of identify {unknown}
 d - a scroll of vulnerability {unknown}
 f - 2 scrolls of teleportation {unknown}
 k - a scroll of summoning {unknown}
 l - a scroll of torment {unknown}
 o - a scroll of amnesia {unknown}
 p - a scroll of revelation {unknown}
 q - a scroll of poison {unknown}
Potions
 e - 2 potions of attraction {unknown}
 h - a potion of brilliance {unknown}
 i - 2 potions of berserk rage {unknown}
 j - 2 potions of mutation {unknown}
 n - a potion of degeneration {unknown}


   Skills:
 + Level 2.8 Dodging
 + Level 4.1 Stealth
 + Level 3.3 Spellcasting
 + Level 3.2 Conjurations
 + Level 4.2 Fire Magic


You had 8 spell levels left.
You knew the following spells:

 Your Spells              Type           Power      Damage    Failure   Level
a - Foxfire               Conj/Fire      64%        2x1d7     3%          1
b - Scorch                Fire           36%        2d6       4%          2

Your spell library contained the following spells:

 Spells                   Type           Power      Damage    Failure   Level
 Inner Flame              Hex/Fire       10%        N/A       21%         3
 Volatile Blastmotes      Fire/Tloc      20%        2d11      21%         3
 Ensorcelled Hibernation  Hex/Ice        4%         N/A       24%         2
 Jinxbite                 Hex            4%         N/A       24%         2
 Flame Wave               Conj/Fire      16%        2d7       34%         4
 Anguish                  Hex/Necr       1%         N/A       85%         4


Dungeon Overview and Level Annotations

Branches:
Dungeon (5/15)
 Temple: D:4-7

Altars:
Gozag
Hepliaklqana
Zin

Shops:
D:1 *

Annotations:
D:4 Eustachio


Innate Abilities, Weirdness & Mutations

You are immune to sickness and miasma.
Your stone body is resilient. (AC +4)
You are immune to poison.
You resist negative energy. (rN+)
You are resistant to electric shocks. (rElec)
You are resistant to unholy torment.
You are immune to petrification.


Message History

Eustachio is severely wounded.
Eustachio casts a spell.
The crimson imp closely misses you. The rat bites you but does no damage.
You hit Eustachio.
Eustachio is almost dead.
Eustachio hits you but does no damage. The rat completely misses you.
The crimson imp hits you but does no damage.
You hit Eustachio but do no damage.
Eustachio is almost dead.
Eustachio completely misses you. The crimson imp hits you.
The rat barely misses you.
You closely miss Eustachio.
Eustachio is severely wounded.
Eustachio mumbles some strange words.
The crimson imp hits you but does no damage.
The rat misses you.
You miss Eustachio.
Eustachio is severely wounded.
Eustachio hits you with a +2 falchion of holy wrath.
The white imp grins evilly.
The white imp gestures at you. The puff of frost hits you. The rat misses you.
The crimson imp barely misses you. Magic courses through your body.
Eustachio casts a spell.
Eustachio blinks!
The iron imp puffs mist at you. The white imp barely misses you.
The rat bites you. The crimson imp barely misses you.
The iron imp hits you but does no damage.
The crimson imp barely misses you. The iron imp attacks as it pursues you!
The iron imp hits you. The white imp barely misses you.
The crimson imp hits you.
* * * LOW HITPOINT WARNING * * *
Casting: Foxfire (safe; 3% risk of failure)
Press: ? - help, Q - select action, (/) - cycle Dir - look around, f - activate You conjure some foxfire!
Eustachio mumbles some strange words.
The white imp gestures at you. The puff of frost hits you!
You die...

.# . ##..(? ... ...
#!.... ..
#.##.#..#####)# .
#.......#..#.###?.
#.##.#..#......b.....
#....#...............
#.##......r..@.......
..).)....55v.........
#......5@...†....##
##......v.........#
#..)........####...
#........#.........
............#..#..###
..#..........#..#### #.
#..........##..####.##..
#.##......###..........#
# #.
........##.###.##...##.


You could see Eustachio, an iron imp (summoned, ally target), a crimson imp
(summoned), a white imp (summoned), a bat (summoned, wandering) and a rat
(summoned, ally target).

Vanquished Creatures
  Menkaure (D:4)
  A hound (D:5)
  An orc priest (D:4)
  Jessica (D:2)
  Terence (D:2)
  An iguana (D:4)
  An adder (D:4)
  A river rat (D:3)
  3 worms
  2 dart slugs (D:1)
  7 orcs (D:4)
  4 ball pythons
  3 endoplasms
  6 giant cockroaches
  8 goblins
  8 hobgoblins
  A jackal (D:3)
  8 kobolds
  3 quokkas
  3 bats
  2 frilled lizards (D:1)
  2 rats (D:1)
68 creatures vanquished.

Vanquished Creatures (others)
  311 foxfires
311 creatures vanquished.

Grand Total: 379 creatures vanquished

Notes
Turn   | Place    | Note
-------+----------+-------------------------------------------
     0 | D:1      | retardedninja the Gargoyle Fire Elementalist began the
                  | quest for the Orb.
     0 | D:1      | Reached XP level 1. HP: 10/10 MP: 3/3
   279 | D:1      | Reached XP level 2. HP: 14/15 MP: 0/5
   998 | D:1      | Reached XP level 3. HP: 19/19 MP: 1/6
  1296 | D:1      | Found Jomijoirro's Assorted Antiques.
  1990 | D:2      | Noticed Terence
  2007 | D:2      | Killed Terence
  2008 | D:2      | Reached XP level 4. HP: 5/24 MP: 0/7
  2188 | D:2      | Learned a level 2 spell: Scorch
  2327 | D:2      | Noticed Jessica
  2337 | D:2      | Killed Jessica
  2510 | D:2      | Found a glowing silver altar of Zin.
  3054 | D:3      | Found a hazy altar of Hepliaklqana.
  3255 | D:3      | Found a faded altar of an unknown god.
  3269 | D:3      | Found an opulent altar of Gozag.
  3269 | D:3      | You fall into a shaft and drop 2 floors!
  3269 | D:5      | Entered Level 5 of the Dungeon
  3323 | D:5      | Reached XP level 5. HP: 28/28 MP: 4/9
  3989 | D:4      | Noticed Menkaure
  3992 | D:4      | Killed Menkaure
  3993 | D:4      | Reached XP level 6. HP: 32/32 MP: 3/10
  4442 | D:4      | Noticed Eustachio
  4474 | D:4      | Killed from afar by a white imp

Illustrated notes

Levels and vault maps discovered:
D:1:      kilobyte_arrival_exit_the_forest, layout_basic, serial_shops,
          nicolae_shop_real_fake_doors, minmay_pentomino_z2
D:2:      layout_basic, basic_altar, uniq_terence, uniq_jessica
D:3:      layout_loops_ring, mainiacjoe_overflow_alcove_4,
          nicolae_overflow_ecumenical_swirl, gup_sewer_entry_spiral,
          kennysheep_generic_room_6
D:4:      layout_cave_pools, nicolae_letterblocks [nicolae_letter_subblock,
          nicolae_letter_subblock, nicolae_letter_subblock,
          nicolae_letter_subblock, nicolae_letter_subblock,
          nicolae_letter_subblock, nicolae_letter_subblock,
          nicolae_letter_subblock, nicolae_letter_subblock,
          nicolae_letter_subblock, nicolae_letter_subblock,
          nicolae_letter_subblock, nicolae_letter_subblock,
          nicolae_letter_subblock, nicolae_letter_subblock,
          nicolae_letter_subblock, nicolae_letter_subblock,
          nicolae_letter_subblock, nicolae_letter_subblock,
          nicolae_letter_subblock, nicolae_letter_subblock,
          nicolae_letter_subblock, nicolae_letter_subblock,
          nicolae_letter_subblock, nicolae_letter_subblock], uniq_menkaure,
          uniq_ijyb, uniq_eustachio
D:5:      layout_rooms, serial_shops, nicolae_shop_rolling_square

Skill      XL: |  1  2  3  4  5  6 |
---------------+-------------------+-----
Dodging        | 2 |  2.8
Stealth        | 3 4 |  4.1
Conjurations   | 2 3 |  3.2
Spellcasting   | 3 |  3.3
Fire Magic     | 4 |  4.2

Action                     |  1- 3 |  4- 6 || total
---------------------------+-------+-------++-------
  Melee: Unarmed           |     7 |       ||     7
         Short sword       |       |     8 ||     8
   Cast: Foxfire           |    82 |   106 ||   188
         Scorch            |       |     9 ||     9
    Use: Potion            |       |     1 ||     1
 Armour: Robe              |    16 |    27 ||    43
  Dodge: Dodged            |    25 |    20 ||    45

Table legend: (Time is in decaauts)
 A = Elapsed time spent in this place.
 B = Non-inter-level travel time spent in this place.
 C = Inter-level travel time spent in this place.
 D = Time resting spent in this place.
 E = Time spent auto-exploring this place.
 F = Levels seen in this place.
 G = Mean time per level.
                   A        B        C        D        E       F      G
               +--------+--------+--------+--------+--------+-----+--------+
         Total |   4516 |   4422 |     94 |    174 |   3632 |   5 |  903.2 |
       Dungeon |   4516 |   4422 |     94 |    174 |   3632 |   5 |  903.2 |
               +--------+--------+--------+--------+--------+-----+--------+

Top non-repeatable levels by time:
     D:1: 1617 daAuts
     D:3: 1235 daAuts
     D:2: 1029 daAuts
     D:4: 492 daAuts
     D:5: 140 daAuts
